 Dungeon Crawl Stone Soup version 0.30.1-11-g7821555f0a (webtiles) character file.

Game seed: 16055455606635173785

23 Gumption the Trooper (level 3, -3/33 HPs)
             Began as a Hill Orc Monk on Nov 9, 2023.
             Killed from afar by Sigmund (9 damage)
             ... with a magic dart
             ... on level 2 of the Dungeon.
             The game lasted 00:15:02 (1510 turns).

Gumption the Trooper (Hill Orc Monk)                Turns: 1510, Time: 00:15:02

Health: -3/33      AC:  3    Str: 15    XL:     3   Next: 0%
Magic:  3/3        EV: 12    Int: 10    God:
Gold:   94         SH:  0    Dex: 13    Spells: 2/2 levels left

rFire   . . .        a - +0 spear
rCold   . . .        d - orb {light}
rNeg    . . .        u - +0 leather armour
rPois   .            (no helmet)
rElec   .            (no cloak)
rCorr   +            (no gloves)
SInv    .            (no boots)
Will    +....        (no amulet)
Stlth   +            h - ring of willpower
HPRegen 0.25/turn    b - ring of resist corrosion
MPRegen 0.08/turn

%: no passive effects
@: glowing
A: no striking features
a: no special abilities


You were on level 2 of the Dungeon.
You visited 1 branch of the dungeon, and saw 2 of its levels.

You collected 94 gold pieces.

Inventory:

Hand Weapons
 a - a +0 spear (weapon)
 i - a +2 short sword of venom
 q - a +0 spear
Missiles
 j - 15 stones (quivered)
Armour
 d - an orb of light (worn)
 g - a +0 buckler
 u - a +0 leather armour (worn)
Jewellery
 b - a ring of resist corrosion (right hand)
 h - a ring of willpower (left hand)
Scrolls
 f - a scroll of magic mapping {unknown}
 l - a scroll of vulnerability {unknown}
 m - a scroll of enchant weapon {unknown}
 n - a scroll of teleportation {unknown}
 p - a scroll of immolation {unknown}
 t - a scroll of identify {unknown}
Potions
 c - a potion of ambrosia
 e - a potion of flight {unknown}
 o - a potion of attraction {unknown}
 r - 3 potions of curing {unknown}
 s - a potion of mutation {unknown}
 v - a potion of haste {unknown}
 w - a potion of resistance {unknown}


   Skills:
 + Level 4.0 Fighting
 * Level 3.9 Polearms
 + Level 1.1 Armour
 - Level 2.4 Dodging


You had 2 spell levels left.
You didn't know any spells.
Your spell library was empty.

Dungeon Overview and Level Annotations

Branches:
Dungeon (2/15)

Altars:

Shops:
D:1 *[[

Annotations:
D:2 Sigmund


Message History

Press: ? - help, Dir - move target, f/p - Sigmund
Aim: Sigmund, wielding a +0 scythe and wearing a +0 robe (heavily wounded, haloed, about 23% to evade your +0 spear)
You reach to attack!
You hit Sigmund.
Sigmund is heavily wounded.
Sigmund hits you from afar with a +0 scythe!
Reach: a) +0 spear
Press: ? - help, Dir - move target, f/p - Sigmund
Aim: Sigmund, wielding a +0 scythe and wearing a +0 robe (heavily wounded, haloed, about 23% to evade your +0 spear)
You reach to attack!
You barely miss Sigmund.
Sigmund is heavily wounded.
Unknown command.
Reach: a) +0 spear
Press: ? - help, Dir - move target, f/p - Sigmund
Aim: Sigmund, wielding a +0 scythe and wearing a +0 robe (heavily wounded, haloed, about 23% to evade your +0 spear)
You reach to attack!
You hit Sigmund.
Sigmund is severely wounded.
Sigmund closely misses you.
Reach: a) +0 spear
Press: ? - help, Dir - move target, f/p - Sigmund
Aim: Sigmund, wielding a +0 scythe and wearing a +0 robe (severely wounded, haloed, about 23% to evade your +0 spear)
You reach to attack!
You barely miss Sigmund.
Sigmund is severely wounded.
Sigmund casts a spell.
Sigmund flickers and vanishes for a moment.
Reach: a) +0 spear
Press: ? - help, Dir - move target, f/p - Sigmund
Aim: Sigmund, wielding a +0 scythe and wearing a +0 robe (severely wounded, slightly transparent, haloed, about 23% to evade your +0 spear)
You reach to attack!
You hit Sigmund.
Sigmund is almost dead.
Sigmund points at you and mumbles some strange words.
The magic dart hits you!
Sigmund points at you and mumbles some strange words.
The magic dart hits you.
A puff of flame appears from out of thin air!
Deactivating autopickup; reactivate with Ctrl-A.
The puff of flame hits you!
* * * LOW HITPOINT WARNING * * *
A magic dart appears from out of thin air!
The magic dart hits you!
You die...

## .# ########## .# #........# .#
#........# .### #........#
...#######........#
.#......##........#
.....#............######## ####
.#.#.......{....@...#....# #...
.....#.#..####)###.....#.### ###.
...#......## #.####........#####.
##.........###.##...~~~......)...
...#.#......##.....~~8~~.#.######
.#........#{##....#######.... ...
......#..##........# ###..###>
.#.#.....#####.....# #.....
.....##..# #...#.# #####


There were no monsters in sight!

Vanquished Creatures
  3 endoplasms
  2 giant cockroaches
  4 goblins
  3 hobgoblins (D:2)
  3 kobolds
  3 ball pythons (D:1)
  2 rats (D:1)
20 creatures vanquished.

Notes
Turn   | Place    | Note
-------+----------+-------------------------------------------
     0 | D:1      | Gumption the Hill Orc Monk began the quest for the Orb.
     0 | D:1      | Reached XP level 1. HP: 19/19 MP: 1/1
    66 | D:1      | Found a transporter.
    70 | D:1      | Found Vemu's Armour Boutique.
   123 | D:1      | Found Epauzuc's Armour Emporium.
   481 | D:1      | Reached XP level 2. HP: 27/27 MP: 2/2
   537 | D:1      | Found Lodotev's General Store.
   577 | D:1      | Found a transporter.
  1133 | D:2      | Reached skill level 1 in Armour
  1289 | D:2      | Reached skill level 4 in Fighting
  1336 | D:2      | Reached XP level 3. HP: 31/33 MP: 3/3
  1358 | D:2      | Noticed Sigmund
  1510 | D:2      | Killed from afar by Sigmund

Illustrated notes

Levels and vault maps discovered:
D:1:      roderic_dead_forest, layout_basic, serial_shops, shop, shop,
          nicolae_shop_drivethru
D:2:      layout_rooms, basic_ecumenical_altar, moated_statue,
          hangedman_decor_points, uniq_sigmund, uniq_natasha

Skill      XL: |  1  2 |
---------------+-------+-----
Armour         | 1 |  1.1
Fighting       | 4 |  4.0
Polearms       | |  3.9
Dodging        | |  2.4

Action                     || total
---------------------------++-------
  Melee: Spear             ||    71
  Throw: Dart              ||     3
         Stone             ||     2
 Armour: Leather armour    ||     6
  Dodge: Dodged            ||    16
